 Dungeon Crawl Stone Soup version 0.31-a0-187-gba352fbbf7 (webtiles) character file.

Game seed: 17937484787114754373

25 Moral the Sneak (level 3, 0/27 HPs)
             Began as a Formicid Brigand on June 22, 2023.
             Slain by a jackal (1 damage)
             ... on level 1 of the Dungeon.
             The game lasted 00:01:11 (302 turns).

Moral the Sneak (Formicid Brigand)                   Turns: 302, Time: 00:01:12

Health: 0/27       AC:  4    Str: 14 (15) XL:     3   Next: 20%
Magic:  3/3        EV: 11    Int:  9 (10) God:
Gold:   8          SH:  0    Dex: 15 (17) Spells: 2/2 levels left

rFire   . . .        i - +1 long sword (holy)
rCold   . . .        (no shield)
rNeg    . . .        b - +0 robe
rPois   .            (helmet unavailable)
rElec   .            c - +1 cloak
rCorr   .            (no gloves)
SInv    +            (no boots)
Will    .....        (no amulet)
Stlth   +++          (no ring)
HPRegen 0.24/turn    (no ring)
MPRegen 0.08/turn

%: no passive effects
@: no status effects
A: permanent stasis, dig shafts and tunnels, antennae 3, four strong arms
a: Dig, Shaft Self


You were on level 1 of the Dungeon.
You visited 1 branch of the dungeon, and saw 1 of its levels.

You collected 8 gold pieces.

Inventory:

Hand Weapons
 i - a +1 long sword of holy wrath (weapon)
Missiles
 d - 9 poisoned darts (quivered)
 e - 3 curare-tipped darts
Armour
 b - a +0 robe (worn)
 c - a +1 cloak (worn)


   Skills:
 - Level 2.1 Fighting
 - Level 2.0 Short Blades
 - Level 2.0 Throwing
 - Level 0.8 Dodging
 * Level 6.1 Stealth


You had 2 spell levels left.
You didn't know any spells.
Your spell library was empty.

Dungeon Overview and Level Annotations

Branches:
Dungeon (1/15)

Altars:


Innate Abilities, Weirdness & Mutations

You cannot be hasted, slowed, berserked, paralysed or teleported.
You can dig through walls and to a lower floor.
You have a pair of large antennae on your head. (SInv)
Your four strong arms can wield two-handed weapons with a shield.


Message History

The jackal bites you. x2
* * * LOW HITPOINT WARNING * * *
The goblin hits you with a +0 dagger.
* * * LOW HITPOINT WARNING * * *
The jackal bites you.
* * * LOW HITPOINT WARNING * * *
The jackal closely misses you. The goblin barely misses you.
As you read the scroll labelled PAS SIUHEGA, it crumbles to dust.
It is a scroll of enchant armour.
Your +0 cloak glows green for a moment.
The jackal bites you but does no damage.
The jackal closely misses you. The goblin misses you.
The jackal barely misses you.
It was a potion of degeneration.
There was something very wrong with that liquid.
You feel weakened.
You feel dopey.
You feel clumsy.
The jackal bites you but does no damage.
The jackal barely misses you. The jackal closely misses you.
The goblin hits you but does no damage.
As you read the scroll labelled GALIONK QISH, it crumbles to dust.
You feel aware of your surroundings.
It was a scroll of revelation.
The jackal bites you but does no damage.
The jackal bites you.
* * * LOW HITPOINT WARNING * * *
The goblin hits you with a +0 dagger.
* * * LOW HITPOINT WARNING * * *
As you read the scroll labelled EVUUKA WY XER, it crumbles to dust.
You feel a surge of unholy energy.
The jackal convulses! x2
The goblin convulses!
It was a scroll of torment.
The jackal bites you but does no damage.
The jackal misses you. The jackal closely misses you.
The goblin hits you but does no damage. The jackal barely misses you.
You slash the goblin!
You kill the goblin!
The jackal bites you but does no damage.
The jackal bites you.
* * * LOW HITPOINT WARNING * * *
The jackal barely misses you. The jackal bites you.
You die...

,,*,,,,,,*,,***,*..**,**#.##.#...
,,,*,,,,*...##.###.##.###.##.####
,,,,*,,*,...#.#####.#.###.##.....
,,,,,,*,,...##.###........#######
,*,*,*,,,....##.#.#.#........#
,,,,,,,*,....##........##.##.#
*,,,,*,,*........)#.#[....##>####
**,,,,,,,#..#..)h.#^..#...##.#...
**,,*,,,...#..h@....###.........
***,,,,,...#.....#...#....###...
*,***,*,#........###......# ####
**,**,**,################.##
,,,**,**,################.#
**,,,,,,,######B.....####.#
****,,,**###.......#.####.# *,,,*
####.#?.#.#.####.#*** *,,,*
**,*,,*,,,,,,,,,,,*


You could see 2 jackals.

Vanquished Creatures
  A gnoll (D:1)
  A dart slug (D:1)
  An endoplasm (D:1)
  2 giant cockroaches (D:1)
  3 goblins (D:1)
  2 hobgoblins (D:1)
  A jackal (D:1)
  A bat (D:1)
  2 rats (D:1)
14 creatures vanquished.

Notes
Turn   | Place    | Note
-------+----------+-------------------------------------------
     0 | D:1      | Moral the Formicid Brigand began the quest for the Orb.
     0 | D:1      | Reached XP level 1. HP: 16/16 MP: 1/1
    94 | D:1      | Reached skill level 5 in Stealth
   151 | D:1      | Reached XP level 2. HP: 22/22 MP: 2/2
   293 | D:1      | Reached skill level 6 in Stealth
   293 | D:1      | Reached XP level 3. HP: 18/27 MP: 3/3
   300 | D:1      | HP: 1/27 [goblin/+0 dagger (3)]
   302 | D:1      | Slain by a jackal

Illustrated notes

Levels and vault maps discovered:
D:1:      dpeg_arrival_tiny_h, layout_loops_cross, hangedman_decor_opposing,
          lemuel_flame_loot_1

Skill      XL: |  1  2 |
---------------+-------+-----
Stealth        | 5 6 |  6.1
Fighting       | |  2.1
Short Blades   | |  2.0
Throwing       | |  2.0
Dodging        | |  0.8

Action                     || total
---------------------------++-------
  Melee: Dagger            ||    31
         Long sword        ||    14
         Punch             ||     1
    Use: Scroll            ||     3
         Potion            ||     1
   Stab: Sleeping          ||     3
 Armour: Robe              ||    21
  Dodge: Dodged            ||    40

Table legend: (Time is in decaauts)
 A = Elapsed time spent in this place.
 B = Non-inter-level travel time spent in this place.
 C = Inter-level travel time spent in this place.
 D = Time resting spent in this place.
 E = Time spent auto-exploring this place.
 F = Levels seen in this place.
 G = Mean time per level.
                   A        B        C        D        E       F      G
               +--------+--------+--------+--------+--------+-----+--------+
         Total |    303 |    303 |      0 |      0 |    189 |   1 |  303.0 |
       Dungeon |    303 |    303 |      0 |      0 |    189 |   1 |  303.0 |
               +--------+--------+--------+--------+--------+-----+--------+

Top non-repeatable levels by time:
     D:1: 303 daAuts
